Bugari, neutral male human Monk -----|--- ------------ |.......| |..........| |.......| |..........| #-........#######0 |..........| ###|.......| # |..........| # |....(..|################ |..<........## |.......|# # --.-------- ----|------- -.--.-|--# ## #.M@.......| #0#### ###|.........| # # |.........| ### ### |.........| # # ----------- ## ### -+--.--- # |......|### .......|# |.......# -------- Bugari the Initiate Experience level: 8 Strength: 17 Dexterity: 11 Constitution: 14 Intelligence: 9 Wisdom: 15 Charisma: 10 Health: 0(59) Energy: 52(52) AC: 7 Gold: 1707 Moves: 3433 Your Inventory: Coins $ - 1707 gold pieces Amulets C - an uncursed amulet of ESP (being worn) Weapons k - a blessed +1 spear of telepathy (weapon in hand) Q - 10 [uncursed +0] runed arrows [elven] Armor a - an uncursed burnt +2 pair of leather gloves (being worn) b - an uncursed +1 robe A - an [uncursed] +0 elven leather helm (being worn) O - a cursed rusty -1 pair of iron shoes (being worn) Comestibles f - 13 uncursed food rations g - 6 uncursed apples h - 5 uncursed oranges i - 3 uncursed fortune cookies n - an [uncursed] lichen corpse D - 3 [uncursed] tripe rations K - an [uncursed] sprig of wolfsbane R - an [uncursed] cream pie X - a [cursed] food ration Y - a [cursed] lichen corpse Scrolls t - an [uncursed] scroll of blank paper E - a [cursed] scroll of blank paper Spellbooks r - an uncursed spellbook of blank paper u - an uncursed spellbook of cause fear H - an [uncursed] spellbook of blank paper Potions e - 2 uncursed diluted potions of healing q - an [uncursed] effervescent potion [of sickness] s - an [uncursed] diluted brown potion [of monster detection] F - an [uncursed] emerald potion [of see invisible] Rings x - an uncursed +1 ring of gain constitution (on right hand) P - an uncursed ring of slow digestion (on left hand) Wands z - an [uncursed] wand of sleep [0:3] Tools j - an uncursed magic marker (0:36) Spells known in the end: Name Level Category Fail Memory a - sleep 1 enchantment 42% [|||||||.] Your skills at the end: Fighting Skills martial arts [Basic / Grand Master] Weapon Skills Spellcasting Skills healing spells [Basic / Expert] Final Attributes: You were piously aligned. Hunger level was 188. Your alignment was 26 / 27. Monster difficulty range was 1 - 8. Level difficulty was 8. You were immune to sleep. You were immune to poison. You saw invisible. You were telepathic. You were warned. You were stealthy. You had slower digestion. You were fast. Your luck was zero. You are dead. Vanquished creatures: 2 ghosts 2 large mimics 3 small mimics a leprechaun a giant spider a gold golem a lizard a Woodland-elf 2 Uruk-hai a rock mole a fog cloud a shrieker a barrow wight an elf zombie a straw golem 3 floating eyes 2 dwarves 3 homunculi a rabid rat a giant bat 9 dwarf zombies a wererat 2 iguanas 3 killer bees 6 coyotes 3 hobbits 2 gnomes a gnome zombie 5 geckos 2 jackals a fox a kobold 2 goblins 6 grid bugs 3 lichens a kobold zombie 6 newts 84 creatures vanquished. Voluntary challenges: You pretended to be a vegetarian. You used a wielded weapon 32 times. You read items or engraved 15 times. You put on armor 8 times. You never genocided any monsters. You never polymorphed an object. You never changed form. You used no wishes. You never wrote Elbereth's name. You encountered 2 bones levels. You never used any Sokoban shortcuts. Dungeon overview: The Dungeons of Doom: levels 1 to 8 Level 1 a long staircase Level 2 an altar, a fountain Level 3 a general store a long staircase Level 5 a general store Level 6 many fountains Level 7 an armor shop stairs to Sokoban Level 8 <- You were here Sokoban: Level 6 a magic chest stairs to The Dungeons of Doom History has recorded: On T:1 you entered the Dungeons of Doom to retrieve the Amulet of Yendor! On T:385 you reached level 2 of The Dungeons of Doom. On T:403 you advanced to experience level 2. On T:489 you advanced to experience level 3. On T:634 you reached level 3 of The Dungeons of Doom. On T:749 you advanced to experience level 4. On T:907 you advanced to experience level 5. On T:1387 you advanced to experience level 6. On T:1417 you reached level 4 of The Dungeons of Doom. On T:1906 you reached level 5 of The Dungeons of Doom. On T:1930 you advanced to experience level 7. On T:2669 you reached level 6 of The Dungeons of Doom. On T:2768 you advanced to experience level 8. On T:2913 you reached level 7 of The Dungeons of Doom. On T:3001 you reached level 3 of Sokoban. On T:3303 you reached level 8 of The Dungeons of Doom. Latest messages: KABOOM!! The door was booby-trapped! You stagger... [HP-8=51] [HP+1=52] The human mummy hits! (2x) [HP-13=39] The human mummy hits! (2x) You feel a bit steadier now. [HP-9=30] You miss the human mummy. The human mummy hits! (2x) [HP-11=19] [HP+1=20] The sleep ray hits the human mummy. (2x) You hit the human mummy! The human mummy hits! (2x) [HP-10=10] You hit the human mummy! The human mummy hits! (2x) You die... Final status: Punardarsanaya Bugari the Monk... You died in The Dungeons of Doom on dungeon level 8 with 2227 points, and 1707 pieces of gold, after 3433 moves. You were level 8 with a maximum of 59 hit points when you died.